 Dungeon Crawl Stone Soup version 0.29.1-13-g9f3cf754e1 (webtiles) character file.

Game seed: 14640552027366386018

348 tkbsonic5 the Sneak (level 6, -1/32 HPs)
             Began as a Vampire Enchanter on Jan 26, 2023.
             Was an Initiate of Dithmenos.
             Slain by a black bear (11 damage)
             ... on level 5 of the Dungeon.
             The game lasted 00:12:17 (3708 turns).

tkbsonic5 the Sneak (Vampire Enchanter)             Turns: 3708, Time: 00:12:17

Health: -1/32      AC:  3    Str:  9    XL:     6   Next: 33%
Magic:  7/10       EV: 12    Int: 17    God:    Dithmenos [......]
Gold:   82         SH:  0    Dex: 15    Spells: 1/10 levels left

rFire   . . .      SeeInvis +   i - +1 short sword (elec)
rCold   + + +      Faith    .   (no shield)
rNeg    + + +      Spirit   .   b - +1 robe
rPois   ∞          Reflect  .   (no helmet)
rElec   .          Harm     .   (no cloak)
rCorr   .          Rampage  .   (no gloves)
Will    .....                   (no boots)
Stlth   +++++.....              (no amulet)
HPRegen 0.00/turn               k - ring of protection from cold
MPRegen 0.12/turn               (no ring)

@: confusing by touch, bloodless, inhibited regen
A: bloodless, fangs 3, see invisible, vampiric 2
a: Bat Form, Revivify, Renounce Religion


You were on level 5 of the Dungeon.
You worshipped Dithmenos.
Dithmenos was noncommittal.
You visited 1 branch of the dungeon, and saw 5 of its levels.

You collected 202 gold pieces.
You spent 120 gold pieces at shops.

Inventory:

Hand Weapons
 a - a +1 dagger
 f - a +0 short sword
 i - a +1 short sword of electrocution (weapon)
Missiles
 g - 2 boomerangs
 n - 6 poisoned darts
Armour
 b - a +1 robe (worn)
Magical Staves
 e - a staff of earth
Jewellery
 k - a ring of protection from cold (left hand)
Scrolls
 h - a scroll of identify
 j - a scroll of vulnerability {unknown}
 l - a scroll of fear
 m - a scroll of teleportation
 o - a scroll of torment {unknown}
Potions
 d - a potion of mutation
 p - a potion of brilliance {unknown}


   Skills:
 * Level 3.4 Short Blades
 - Level 2.3 Dodging
 * Level 6.2 Stealth
 + Level 2.8 Spellcasting
 * Level 5.9 Hexes
 + Level 2.0 Necromancy
 + Level 1.4 Ice Magic
 + Level 1.2 Invocations


You had one spell level left.
You knew the following spells:

 Your Spells              Type           Power      Damage    Failure   Level
a - Necrotise             Necr           36%        1d5       8%          1
b - Ensorcelled Hibernat  Hex/Ice        30%        N/A       6%          2
c - Confusing Touch       Hex            22%        N/A       4%          3
d - Tukima's Dance        Hex            22%        N/A       4%          3

Your spell library contained the following spells:

 Spells                   Type           Power      Damage    Failure   Level
 Apportation              Tloc           4%         N/A       19%         1
 Summon Small Mammal      Summ           8%         N/A       19%         1
 Dazzling Flash           Conj/Hex       24%        N/A       16%         3
 Gell's Gravitas          Tloc           2%         N/A       47%         3
 Teleport Other           Tloc           2%         N/A       47%         3
 Summon Mana Viper        Hex/Summ       12%        N/A       82%         5
 Summon Forest            Summ/Tloc      1%         N/A       99%         5
 Dispersal                Tloc           1%         N/A       100%        6
 Summon Cactus Giant      Summ           1%         N/A       100%        6


Dungeon Overview and Level Annotations

Branches:
Dungeon (5/15)             Temple (0/1) D:4

Altars:
Dithmenos
Hepliaklqana
Nemelex Xobeh
Trog
Vehumet
Wu Jian

Shops:
D:3 ?


Innate Abilities, Weirdness & Mutations

You do not regenerate when monsters are visible.
You are frail without blood (-20% HP).
You can heal yourself when you bite living creatures.
You are immune to poison.
You have razor-sharp teeth.
You have supernaturally acute eyesight. (SInv)
You are afflicted with vampirism and can become a bat while bloodless.


Message History

Done exploring.
(D) Dungeon (T) Temple
Where to? (Enter - D:4, ? - help)
What level of the Dungeon? (default 1, ? - help)
There is a stone staircase leading down here.
You climb downwards.
There is a stone staircase leading up here.
There is a stone staircase leading up here.
A black bear comes into view.
A black bear is nearby!
The helpless black bear fails to defend itself.
You bite the black bear, and draw its blood!
You impale the black bear!!
The black bear is almost dead.
You hit the black bear.
The black bear is almost dead.
The black bear goes berserk!
Your hands begin to glow red.
The black bear misses you. The black bear closely misses you.
The black bear claws you. The black bear bites you.
The black bear claws you. x2
You hit the black bear but do no damage.
The black bear is almost dead.
The black bear bites you! The black bear claws you.
* * * LOW HITPOINT WARNING * * *
The black bear claws you but does no damage.
You feel much better. The black bear closely misses you.
The black bear claws you. x2; The black bear barely misses you.
The black bear claws you but does no damage.
The black bear claws you.
You hit the black bear but do no damage.
You bite the black bear, but do no damage.
The black bear is almost dead.
The black bear bites you. The black bear barely misses you.
The black bear claws you.
You hit the black bear but do no damage.
Your punch misses the black bear.
The black bear is almost dead.
The black bear bites you. The black bear closely misses you. x2
The black bear bites you!
You die...

.. ..
..
####.
....
#.. #h#
###@#
#...#
#.#.#
#.#.#
#.#.^
#.#####
#..<..#
#####.#
#.#


You could see a black bear (berserk).

Vanquished Creatures
  Edmund (D:4)
  A dancing weapon (D:4)
  A scorpion (D:4)
  A hound (D:4)
  An iguana (D:4)
  An orc wizard (D:4)
  2 adders
  A worm (D:2)
  3 dart slugs
  5 orcs
  3 endoplasms
  2 giant cockroaches
  4 goblins
  3 hobgoblins
  2 jackals (D:3)
  7 quokkas
  6 ball pythons
  2 bats
  2 frilled lizards
  6 kobolds
  8 rats
62 creatures vanquished.

Vanquished Creatures (collateral kills)
  A rat (D:2)
1 creature vanquished.

Grand Total: 63 creatures vanquished

Notes
Turn   | Place    | Note
-------+----------+-------------------------------------------
     0 | D:1      | tkbsonic5 the Vampire Enchanter began the quest for the
                  | Orb.
     0 | D:1      | Reached XP level 1. HP: 13/13 MP: 3/3
    28 | D:1      | Found a faded altar of an unknown god.
   190 | D:1      | Reached XP level 2. HP: 16/19 MP: 5/5
   275 | D:1      | Learned a level 1 spell: Necrotise
   278 | D:1      | Learned a level 2 spell: Ensorcelled Hibernation
   915 | D:2      | Gained mutation: You are afflicted with vampirism and can
                  | become a bat while bloodless. [Vampire growth]
   915 | D:2      | Reached XP level 3. HP: 18/24 MP: 0/6
  1043 | D:2      | Learned a level 3 spell: Confusing Touch
  1259 | D:3      | Found a sparkling altar of Nemelex Xobeh.
  1305 | D:3      | Reached skill level 5 in Stealth
  1305 | D:3      | Reached skill level 1 in Necromancy
  1415 | D:3      | Found Fotul's Magic Scroll Shoppe.
  1420 | D:3      | Bought a scroll of identify for 24 gold pieces
  1420 | D:3      | Bought a scroll of identify for 24 gold pieces
  1420 | D:3      | Bought a scroll of identify for 24 gold pieces
  1420 | D:3      | Bought a scroll of fear for 48 gold pieces
  1688 | D:3      | Found a shadowy altar of Dithmenos.
  1703 | D:3      | Became a worshipper of Dithmenos the Shadowed
  1949 | D:3      | Found a bloodstained altar of Trog.
  2080 | D:4      | Noticed a scorpion
  2094 | D:4      | Killed a scorpion
  2095 | D:4      | Reached skill level 5 in Hexes
  2095 | D:4      | Reached XP level 4. HP: 24/30 MP: 1/7
  2242 | D:4      | Found a radiant altar of Vehumet.
  2302 | D:4      | Reached skill level 1 in Ice Magic
  2302 | D:4      | Reached XP level 5. HP: 25/28 MP: 2/8
  2394 | D:4      | Learned a level 3 spell: Tukima's Dance
  2627 | D:4      | Found a staircase to the Ecumenical Temple.
  2865 | D:4      | Found an ornate altar of the Wu Jian Council.
  3126 | D:4      | Reached skill level 1 in Invocations
  3316 | D:4      | Noticed Edmund
  3320 | D:4      | Found a hazy altar of Hepliaklqana.
  3322 | D:4      | Found a faded altar of an unknown god.
  3363 | D:4      | Killed Edmund
  3364 | D:4      | Reached skill level 6 in Stealth
  3364 | D:4      | Reached XP level 6. HP: 32/32 MP: 2/10
  3532 | D:4      | Reached * piety under Dithmenos
  3688 | D:5      | Entered Level 5 of the Dungeon
  3708 | D:5      | Slain by a black bear

Illustrated notes

Levels and vault maps discovered:
D:1:      wander_arrival_abandoned_jail, layout_basic,
          chequers_ecumenical_altar_simple
D:2:      layout_rooms, grunt_ministairs_10
D:3:      layout_loops_cross, mainiacjoe_overflow_tiny_flanked,
          mainiacjoe_overflow_chevrons, trog_butcher_becter, serial_shops, shop,
          kennysheep_generic_room_4
D:4:      layout_layer_cave, nicolae_vehumet_radiance,
          beargit_hepliaklqana_dungeon_heroes, nzn_wu_jian_council_hall,
          minmay_temple_entry_waves
D:5:      layout_loops_ring, mainiacjoe_overflow_cross_hatched,
          mainiacjoe_overflow_six_doors_small, nicolae_qazlal_style_of_elements,
          old_standard_altar, supply_closet_lemuel,
          amcnicky_mini_corridor_feature

Skill      XL: |  1  2  3  4  5 |
---------------+----------------+-----
Short Blades   | 2 3 |  3.4
Stealth        | 5 6 |  6.2
Necromancy     | 1 2 |  2.0
Hexes          | 5 |  5.9
Ice Magic      | 1 |  1.4
Invocations    | 1 |  1.2
Dodging        | |  2.3
Spellcasting   | |  2.8

Action                   |  1- 3 |  4- 6 || total
-------------------------+-------+-------++-------
Melee: Dagger            |    44 |       ||    44
       Bite              |    13 |    13 ||    26
       Short sword       |    57 |    62 ||   119
 Cast: Necrotise         |    34 |       ||    34
       Ensorcelled Hiber |     8 |     9 ||    17
       Confusing Touch   |     1 |     6 ||     7
       Tukima's Dance    |       |     1 ||     1
 Abil: Exsanguinate      |       |     1 ||     1
  Use: Potion            |     3 |     2 ||     5
       Scroll            |     4 |     2 ||     6
 Stab: Sleeping          |    11 |    14 ||    25
       Invisible         |     2 |       ||     2
       Confused          |       |     3 ||     3
Armor: Robe              |    15 |     7 ||    22
Dodge: Dodged            |    62 |    24 ||    86
